 Dungeon Crawl Stone Soup version 0.27-a0-705-ga0013940fb (webtiles) character file.

Game seed: 15387973498382252525

21 gruber the Vexing (level 2, 0/23 HPs)
             Began as a Gnoll Arcane Marksman on Mar 22, 2021.
             Succumbed to a gnoll's poison
             ... on level 2 of the Dungeon.
             The game lasted 00:00:49 (1235 turns).

gruber the Vexing (Gnoll Arcane Marksman)           Turns: 1235, Time: 00:00:49

Health: 0/23       AC:  2    Str:  9    XL:     2   Next: 87%
Magic:  5/5        EV: 13    Int: 12    God:
Gold:   65         SH:  0    Dex: 12    Spells: 5/6 levels left

rFire    . . .     SeeInvis .   a - +0 hunting sling
rCold    . . .     Faith    .   (no shield)
rNeg     . . .     Spirit   .   e - +0 robe
rPois    .         Reflect  .   (no helmet)
rElec    .         Harm     .   (no cloak)
rCorr    .         Rampage  .   (no gloves)
Will     .....                  (no boots)
Stlth    +.........             (no amulet)
HPRegen  0.07/turn              (no ring)
MPRegen  0.09/turn              (no ring)

@: lethally poisoned (0 -> -20)
A: fangs 1, strong nose, distributed training
a: no special abilities


You were on level 2 of the Dungeon.
You visited 1 branch of the dungeon, and saw 2 of its levels.

You collected 65 gold pieces.

Inventory:

Hand Weapons
 a - a +0 hunting sling (weapon)
Missiles
 c - 54 stones (quivered ammo)
 d - 15 sling bullets
Armour
 e - a +0 robe (worn)
Scrolls
 i - a scroll of acquirement {unknown}
Potions
 b - a potion of lignification {unknown}
 f - 2 potions of flight {unknown}
 g - a potion of haste {unknown}
 h - a potion of curing {unknown}


   Skills:
 + Level 2.5 Fighting
 + Level 0.5 Short Blades
 + Level 0.5 Long Blades
 + Level 0.5 Axes
 + Level 0.5 Maces & Flails
 + Level 0.5 Polearms
 + Level 0.5 Staves
 + Level 4.5 Slings
 + Level 0.5 Bows
 + Level 0.5 Crossbows
 + Level 0.5 Throwing
 + Level 0.5 Armour
 + Level 4.5 Dodging
 + Level 0.5 Stealth
 + Level 0.5 Shields
 + Level 0.5 Unarmed Combat
 + Level 2.7 Spellcasting
 + Level 0.4 Conjurations
 + Level 5.4 Hexes
 + Level 0.4 Summonings
 + Level 0.4 Necromancy
 + Level 0.4 Translocations
 + Level 0.4 Transmutations
 + Level 0.4 Fire Magic
 + Level 0.4 Ice Magic
 + Level 0.4 Air Magic
 + Level 0.4 Earth Magic
 + Level 0.4 Poison Magic
 + Level 0.7 Invocations
 + Level 0.5 Evocations


You had 5 spell levels left.
You knew the following spells:

 Your Spells              Type           Power      Damage    Failure   Level
a - Corona                Hex            15%        N/A       2%          1

Your spell library contained the following spells:

 Spells                   Type           Power      Damage    Failure   Level
 Slow                     Hex            14%        N/A       4%          2
 Magic Dart               Conj           8%         1d3       22%         1
 Inner Flame              Hex/Fire       8%         N/A       22%         3
 Portal Projectile        Hex/Tloc       16%        N/A       22%         3
 Cause Fear               Hex            7%         N/A       26%         4
 Blink                    Tloc           N/A        N/A       32%         2
 Call Imp                 Summ           2%         N/A       32%         2
 Conjure Flame            Conj/Fire      2%         6-21      54%         3
 Mephitic Cloud           Conj/Pois/Air  2%         N/A       54%         3
 Leda's Liquefaction      Hex/Erth       4%         N/A       58%         4


Dungeon Overview and Level Annotations

Branches:
Dungeon (2/15)

Altars:


Innate Abilities, Weirdness & Mutations

You have very sharp teeth.
Your uncanny sense of smell can sniff out nearby items.
Your experience applies equally to all skills.


Message History

No target in view!
c - 61 stones (gained 1)
Things that are here:
a +0 short sword; a kobold corpse No target in view!
A gnoll comes into view. It is wielding a +2 spear of venom.
A gnoll comes into view. It is wielding a +0 club.
You shoot a stone. The stone hits the gnoll.
The gnoll is moderately wounded.
There are monsters nearby!
You shoot a stone.
The stone hits the gnoll but does no damage.
You shoot a stone. The stone barely misses the gnoll.
There are monsters nearby!
You shoot a stone. The stone hits the gnoll.
The gnoll is heavily wounded.
You shoot a stone. The stone hits the gnoll.
The gnoll is severely wounded.
You shoot a stone.
The stone hits the gnoll but does no damage.
The gnoll is severely wounded.
You shoot a stone. The stone hits the gnoll.
The gnoll is almost dead.
A gnoll comes into view. It is wielding a +0 spear.
The gnoll shouts!
The gnoll hits you from afar with a +2 spear of venom.
You are poisoned.
You feel sick.
The gnoll hits you from afar with a +2 spear of venom!
You are lethally poisoned!
You feel sick.
* * * LOW HITPOINT WARNING * * *
You feel sick.
* * * LOW HITPOINT WARNING * * *
You feel sick.
* * * LOW HITPOINT WARNING * * *
You feel sick.
* * * LOW HITPOINT WARNING * * *
You feel sick.
You die...

#.......)..####
#.....>....#
#..........#
#######..........#
#..(.............#
#......#........##
#......##......##
#...>...........#####
#...@..###†..##......
#......# ###.########
###......### #......#
##)....g....########.#
##.......gg...##
#..............#
#...............
#...............
#..............(


You could see 3 gnolls.

Vanquished Creatures
  3 bats
  2 giant cockroaches (D:1)
  3 hobgoblins (D:1)
  An ooze (D:2)
  A quokka (D:1)
  A ball python (D:1)
  5 kobolds
  4 rats (D:1)
20 creatures vanquished.

Notes
Turn   | Place    | Note
-------+----------+-------------------------------------------
     0 | D:1      | gruber the Gnoll Arcane Marksman began the quest for the
                  | Orb.
     0 | D:1      | Reached XP level 1. HP: 17/17 MP: 4/4
   224 | D:1      | Reached XP level 2. HP: 23/23 MP: 5/5
  1234 | D:2      | HP: 1/23 [poisoned by a gnoll]
  1235 | D:2      | Succumbed to a gnoll's poison

Illustrated notes

Levels and vault maps discovered:
D:1:      eino_arrival_tree_alley, layout_basic
D:2:      layout_rooms, nicolae_overflow_hidden_temple

Action                   || total
-------------------------++-------
 Fire: Hunting sling     ||    71
 Cast: Corona            ||     1
Armor: Robe              ||     2
Dodge: Dodged            ||    24

Table legend: (Time is in decaauts)
 A = Elapsed time spent in this place.
 B = Non-inter-level travel time spent in this place.
 C = Inter-level travel time spent in this place.
 D = Time resting spent in this place.
 E = Time spent auto-exploring this place.
 F = Levels seen in this place.
 G = Mean time per level.
                   A        B        C        D        E       F      G
               +--------+--------+--------+--------+--------+-----+--------+
         Total |   1235 |   1182 |     53 |      0 |   1046 |   2 |  617.5 |
       Dungeon |   1235 |   1182 |     53 |      0 |   1046 |   2 |  617.5 |
               +--------+--------+--------+--------+--------+-----+--------+

Top non-repeatable levels by time:
     D:1: 1125 daAuts
     D:2: 109 daAuts
